 Dungeon Crawl Stone Soup version 0.29.1-15-g9cfb28693d (webtiles) character file.

Game seed: 16089433572555575997

25 Mickster the Sneak (level 2, 0/20 HPs)
             Began as a Demigod Enchanter on Mar 6, 2023.
             Frozen to death by an endoplasm (3 damage)
             ... on level 2 of the Dungeon.
             The game lasted 00:08:47 (1282 turns).

Mickster the Sneak (Demigod Enchanter)              Turns: 1282, Time: 00:08:47

Health: 0/20       AC:  8    Str:  9    XL:     2   Next: 66%
Magic:  7/7        EV:  4    Int: 17    God:
Gold:   30         SH:  0    Dex: 14    Spells: 4/4 levels left

rFire   . . .      SeeInvis .   a - +1 dagger
rCold   . . .      Faith    .   (no shield)
rNeg    . . .      Spirit   .   i - +0 chain mail
rPois   .          Reflect  .   (no helmet)
rElec   .          Harm     .   (no cloak)
rCorr   .          Rampage  .   (no gloves)
Will    .....                   (no boots)
Stlth   ..........              (no amulet)
HPRegen 0.06/turn               (no ring)
MPRegen 0.10/turn               (no ring)

@: no status effects
A: high MP 1, forlorn, divine attributes
a: no special abilities


You were on level 2 of the Dungeon.
You visited 1 branch of the dungeon, and saw 2 of its levels.

You collected 30 gold pieces.

Inventory:

Hand Weapons
 a - a +1 dagger (weapon)
 g - a +0 rapier
Missiles
 h - 2 stones (quivered)
Armour
 b - a +0 robe
 f - a +1 ring mail
 i - a +0 chain mail (worn)
Scrolls
 e - a scroll of teleportation
Potions
 c - 2 potions of invisibility
 d - a potion of heal wounds {unknown}


   Skills:
 + Level 0.1 Fighting
 * Level 1.3 Short Blades
 + Level 1.9 Dodging
 + Level 3.1 Stealth
 + Level 1.9 Spellcasting
 + Level 3.0 Hexes


You had 4 spell levels left.
You didn't know any spells.
Your spell library contained the following spells:

 Spells                   Type           Power      Damage    Failure   Level
 Ensorcelled Hibernation  Hex/Ice        12%        N/A       100%        2
 Confusing Touch          Hex            11%        N/A       100%        3
 Dazzling Flash           Conj/Hex       12%        N/A       100%        3
 Tukima's Dance           Hex            11%        N/A       100%        3


Dungeon Overview and Level Annotations

Branches:
Dungeon (2/15)

Shops:
D:1 [


Innate Abilities, Weirdness & Mutations

You have an increased reservoir of magic. (+10% MP)
You shall have no god before yourself.
Your divine heritage dramatically boosts your attributes as you level up.


Message History

You see here a +0 dagger.
You see here 2 stones.
You see here 2 stones.
h - 2 stones
Found a chain mail.
Found an escape hatch in the floor.
You see here a +0 chain mail.
i - a +0 chain mail You start removing your armour.
You continue taking off your +1 ring mail. x4
You finish taking off your +1 ring mail.
You start putting on your armour.
You continue putting on your +0 chain mail. x5
You finish putting on your +0 chain mail.
You start resting.
A worm comes into view.
A worm is nearby!
A worm is nearby!
An endoplasm comes into view.
The worm bites you.
You hit the worm.
The worm is lightly wounded.
The worm bites you but does no damage.
You hit the worm but do no damage. You hit the worm.
The worm is lightly wounded.
The worm bites you!
* * * LOW HITPOINT WARNING * * *
You hit the worm.
The worm is lightly wounded.
The endoplasm hits you but does no damage.
You hit the worm but do no damage.
The worm is lightly wounded.
The endoplasm hits you but does no damage.
The worm bites you but does no damage.
You hit the worm.
The worm is moderately wounded.
The endoplasm freezes you.
You are frozen.
You die...

#.........# #........
#.........# #........
#.........# #...[....
#.........###........
#....................
#....................
#...>................
####.......#...........
#....J@................
#......w................
.........................
...............##########
.###...#...#...#
#......#....#
...#........# ....
#...#...#


You could see a worm and an endoplasm.

Vanquished Creatures
  2 ball pythons (D:2)
  A bat (D:1)
  6 endoplasms
  2 giant cockroaches (D:1)
  2 goblins (D:1)
  2 hobgoblins (D:1)
  A quokka (D:1)
  A frilled lizard (D:1)
  A kobold (D:2)
  3 rats
21 creatures vanquished.

Notes
Turn   | Place    | Note
-------+----------+-------------------------------------------
     0 | D:1      | Mickster the Demigod Enchanter began the quest for the Orb.
     0 | D:1      | Reached XP level 1. HP: 14/14 MP: 5/5
    17 | D:1      | Reached skill level 1 in Short Blades
    90 | D:1      | Found Nailec's Armour Emporium.
   435 | D:1      | Reached XP level 2. HP: 20/20 MP: 7/7
  1282 | D:2      | Frozen to death by an endoplasm

Illustrated notes

Levels and vault maps discovered:
D:1:      lightli_molten_gateway, layout_basic, serial_shops,
          nicolae_diamond_shop
D:2:      layout_basic, hellmonk_ecumenical_altar_blasted,
          minmay_misc_feat_roman, chequers_mini_garden, minmay_misc_feat_five,
          uniq_natasha, uniq_jessica

Skill      XL: |  1  2 |
---------------+-------+-----
Short Blades   | 1 |  1.3
Stealth        | 3 |  3.1
Hexes          | 3 |  3.0
Fighting       | |  0.1
Dodging        | |  1.9
Spellcasting   | |  1.9

Action                   || total
-------------------------++-------
Melee: Dagger            ||    96
  Use: Scroll            ||     5
 Stab: Sleeping          ||     2
Armor: Robe              ||    16
       Ring mail         ||     6
       Chain mail        ||     4
Dodge: Dodged            ||    51
